 Dungeon Crawl Stone Soup version 0.29.1-15-g9cfb28693d (webtiles) character file.

Game seed: 14910601780950169754

16 Arctor the Firebug (level 2, -2/15 HPs)
             Began as a Deep Elf Fire Elementalist on Mar 1, 2023.
             Frozen to death by an endoplasm (4 damage)
             ... on level 1 of the Dungeon.
             The game lasted 00:00:31 (679 turns).

Arctor the Firebug (Deep Elf Fire Elementalist)      Turns: 679, Time: 00:00:32

Health: -2/15      AC:  2    Str:  5    XL:     2   Next: 41%
Magic:  5/8        EV: 13    Int: 19    God:
Gold:   59         SH:  0    Dex: 15    Spells: 6/7 levels left

rFire   . . .      SeeInvis .   f - +0 dagger (drain)
rCold   . . .      Faith    .   (no shield)
rNeg    . . .      Spirit   .   a - +0 robe
rPois   .          Reflect  .   (no helmet)
rElec   .          Harm     .   (no cloak)
rCorr   .          Rampage  .   (no gloves)
Will    .....                   (no boots)
Stlth   ++........              (no amulet)
HPRegen 0.05/turn               (no ring)
MPRegen 0.11/turn               (no ring)

@: very slightly contaminated
A: no striking features
a: no special abilities


You were on level 1 of the Dungeon.
You visited 1 branch of the dungeon, and saw 1 of its levels.

You collected 59 gold pieces.

Inventory:

Hand Weapons
 f - a +0 dagger of draining (weapon)
Armour
 a - a +0 robe (worn)
Scrolls
 c - a scroll of teleportation {unknown}
 d - 3 scrolls of identify {unknown}
 e - a scroll of enchant armour {unknown}
 g - a scroll of poison {unknown}
Potions
 b - a potion of magic
 h - a potion of cancellation {unknown}
 i - a potion of attraction {unknown}


   Skills:
 + Level 2.7 Dodging
 + Level 2.8 Stealth
 + Level 3.3 Spellcasting
 + Level 1.5 Conjurations
 + Level 3.5 Fire Magic


You had 6 spell levels left.
You knew the following spells:

 Your Spells              Type           Power      Damage    Failure   Level
a - Foxfire               Conj/Fire      48%        2x1d6     5%          1

Your spell library contained the following spells:

 Spells                   Type           Power      Damage    Failure   Level
 Scorch                   Fire           32%        2d6       5%          2
 Conjure Flame            Conj/Fire      12%        6-21      16%         3
 Inner Flame              Hex/Fire       9%         N/A       22%         3
 Flame Wave               Conj/Fire      12%        2d6       45%         4


Dungeon Overview and Level Annotations

Branches:
Dungeon (1/15)

Altars:


Message History

You hit the kobold.
The kobold is severely wounded.
The kobold hits you but does no damage.
There are monsters nearby!
You closely miss the kobold.
The kobold is severely wounded.
The kobold hits you but does no damage.
A rat comes into view.
There are monsters nearby!
You hit the kobold but do no damage.
The kobold is severely wounded.
The kobold hits you with a +0 club.
There are monsters nearby!
You hit the kobold.
You kill the kobold!
There are monsters nearby!
You hit the endoplasm but do no damage. You drain the endoplasm.
The endoplasm is moderately wounded.
The endoplasm hits you.
There are monsters nearby!
You are too injured to fight recklessly!
There are monsters nearby!
Casting: Foxfire (safe; 5% risk of failure)
Confirm with . or Enter, or press ? or * to list all spells.
You conjure some foxfire!
The endoplasm hits you.
Casting: Foxfire (safe; 5% risk of failure)
Confirm with . or Enter, or press ? or * to list all spells.
You miscast Foxfire.
You are very lightly contaminated with residual magic.
Nothing appears to happen.
The foxfire hits the endoplasm.
The endoplasm is severely wounded.
The endoplasm freezes you.
You are frozen.
* * * LOW HITPOINT WARNING * * *
Casting: Foxfire (safe; 5% risk of failure)
Confirm with . or Enter, or press ? or * to list all spells.
You conjure some foxfire!
The endoplasm freezes you.
You are frozen.
You die...

## #.## ⌠.
#... ## .⌠
... .. ..
..#.# ..
#r#§# ..
#J#§### ..
#.@v§.#
##vv...###
#.#......#
#.#
##.....#.##
#.#
#.......)##
#.#
###.#.....#
#.#
#.#.....###.
#.#
#...........
#.#
####...#####


You could see an endoplasm (very drained, ally target) and a rat.

Vanquished Creatures
  A bat (D:1)
  An endoplasm (D:1)
  2 giant cockroaches (D:1)
  2 goblins (D:1)
  2 hobgoblins (D:1)
  2 kobolds (D:1)
  A quokka (D:1)
  2 frilled lizards (D:1)
  A rat (D:1)
14 creatures vanquished.

Vanquished Creatures (others)
  32 foxfires (D:1)
32 creatures vanquished.

Grand Total: 46 creatures vanquished

Notes
Turn   | Place    | Note
-------+----------+-------------------------------------------
     0 | D:1      | Arctor the Deep Elf Fire Elementalist began the quest for
                  | the Orb.
     0 | D:1      | Reached XP level 1. HP: 10/10 MP: 6/6
   303 | D:1      | Reached XP level 2. HP: 15/15 MP: 2/8
   679 | D:1      | Frozen to death by an endoplasm

Illustrated notes

Levels and vault maps discovered:
D:1:      wander_arrival_estate, layout_loops_ring, minmay_pentomino_z2

Action                   || total
-------------------------++-------
Melee: Dagger            ||    16
 Cast: Foxfire           ||    25
Armor: Robe              ||     5
Dodge: Dodged            ||     7
